 Dungeon Crawl Stone Soup version 0.30-a0-715-gdb4ae3ece1 (webtiles) character file.

Game seed: 14629813750086605848

56 browni3141 the Trooper (level 3, -1/30 HPs)
             Began as a Mummy Monk on Jan 24, 2023.
             Slain by a goblin
             ... wielding a +0 club
              (4 damage)
             ... on level 3 of the Dungeon.
             The game lasted 00:06:09 (2171 turns).

browni3141 the Trooper (Mummy Monk)                 Turns: 2171, Time: 00:06:09

Health: -1/30      AC:  0    Str: 14    XL:     3   Next: 69%
Magic:  3/3        EV: 12    Int:  9    God:
Gold:   40         SH:  0    Dex: 16    Spells: 2/2 levels left

rFire   x . .      SeeInvis .      - Unarmed
rCold   + . .      Faith    +    (no shield)
rNeg    + + +      Spirit   .    (no body armour)
rPois   ∞          Reflect  .    (no helmet)
rElec   .          Harm     .    (no cloak)
rCorr   .          Rampage  .    (no gloves)
Will    .....                    (no boots)
Stlth   ++                       (no amulet)
HPRegen 0.25/turn                (no ring)
MPRegen 0.08/turn                (no ring)

@: no status effects
A: cold resistance 1, negative energy resistance 3, torment resistance 2, heat
vulnerability 1, in touch with death 1, no potions, faith
a: no special abilities


You were on level 3 of the Dungeon.
You visited 1 branch of the dungeon, and saw 3 of its levels.

You collected 40 gold pieces.

Inventory:

Scrolls
 a - 2 scrolls of immolation {unknown}
 b - 2 scrolls of teleportation {unknown}
 c - a scroll of torment {unknown}
 d - a scroll of identify {unknown}


   Skills:
 * Level 4.2 Fighting
 - Level 2.4 Dodging
 - Level 1.5 Stealth
 - Level 3.0 Unarmed Combat


You had 2 spell levels left.
You didn't know any spells.
Your spell library contained the following spells:

 Spells                   Type           Power      Damage    Failure   Level
 Kindle Blastsparks       Fire/Tloc/Air  0%         2d10      77%         3
 Fulminant Prism          Conj/Hex       0%         3d5       99%         4
 Iskenderun's Mystic Bla  Conj/Tloc      0%         2d3       99%         4
 Lee's Rapid Deconstruct  Erth           0%         3d4*      100%        5


Dungeon Overview and Level Annotations

Branches:
Dungeon (3/15)

Altars:

Shops:
D:2 (

Annotations:
D:1 exclusion: 2 kobolds
D:2 exclusion: gnoll
D:3 1 runed translucent door, exclusion: door, Bediveer's ghost, amateur DrTm


Innate Abilities, Weirdness & Mutations

You are immune to poison.
Your flesh is cold resistant. (rC+)
You are immune to negative energy. (rN+++)
You are immune to unholy pain and torment.
You are vulnerable to heat. (rF-)
You are in touch with the powers of death.
You do not drink.
You have a special connection with the divine. (Faith)


Message History

You closely miss the goblin. The goblin hits you with a +0 club.
You barely miss the goblin.
A ball python comes into view.
The goblin hits you with a +0 club.
You hit the goblin.
The goblin is heavily wounded.
The goblin hits you with a +0 club.
You hit the goblin.
You kill the goblin!
You hit the goblin.
The goblin is severely wounded.
You hit the ball python but do no damage.
The ball python completely misses you. The ball python grabs you.
The ball python constricts you.
You barely miss the ball python.
You punch the ball python, but do no damage.
The ball python closely misses you. The ball python constricts you.
The goblin closely misses you. The goblin hits you with a +0 dagger.
You escape the ball python's grasp.
The goblin hits you with a +0 dagger. The ball python bites you.
The ball python closely misses you.
You barely miss the ball python. The goblin hits you with a +0 club.
The goblin hits you with a +0 dagger. The ball python bites you.
* * * LOW HITPOINT WARNING * * *
The ball python grabs you. The ball python constricts you.
* * * LOW HITPOINT WARNING * * *
You escape the ball python's grasp.
The goblin attacks as you move away! The goblin barely misses you.
Bediveer's ghost keens inconsolably.
The ball python barely misses you. The ball python closely misses you.
The goblin attacks as you move away! The goblin barely misses you.
The goblin attacks as you move away! The goblin barely misses you.
You see here a +0 dagger.
You hit the ball python.
You kill the ball python!
You barely miss the goblin. The goblin hits you with a +0 club.
* * * LOW HITPOINT WARNING * * *
You hit the goblin.
The goblin is heavily wounded.
The goblin hits you with a +0 club.
You die...

#.# #. #.# #.# #.# #.#
#.########### #.#
#.##..J..J... #.##
####.##.######## #g.
##### #.......#
##.#.##...###.##.####
#.....)..gg@..##.####
#.....###.#+#..##....#
#.#.##. ###F##.#####.#
# #. ##S##.#####.# #.
#W##.......# ..
#~#######..######## ..
#)# #.......... .# #~#
#.######### #.# #


You could see a bullfrog, Bediveer's ghost, an adder and 2 goblins.

Vanquished Creatures
  2 adders (D:2)
  A worm (D:2)
  3 dart slugs
  An orc (D:3)
  4 ball pythons
  3 endoplasms
  A giant cockroach (D:2)
  4 goblins
  A hobgoblin (D:1)
  A kobold (D:3)
  A quokka (D:1)
  2 bats
  A frilled lizard (D:2)
  3 rats
28 creatures vanquished.

Notes
Turn   | Place    | Note
-------+----------+-------------------------------------------
     0 | D:1      | browni3141 the Mummy Monk began the quest for the Orb.
     0 | D:1      | Reached XP level 1. HP: 18/18 MP: 1/1
   179 | D:1      | Found a faded altar of an unknown god.
   750 | D:2      | Found Muag's Antique Weapon Emporium.
   936 | D:2      | Reached XP level 2. HP: 24/24 MP: 2/2
  1140 | D:2      | Gained mutation: You are in touch with the powers of death.
                  | [Mummy growth]
  1140 | D:2      | Reached XP level 3. HP: 15/30 MP: 3/3
  1762 | D:3      | Reached skill level 4 in Fighting
  2125 | D:3      | Found a runed translucent door.
  2126 | D:3      | Noticed a bullfrog
  2127 | D:3      | Noticed Bediveer's ghost (amateur DrTm)
  2171 | D:3      | Slain by a goblin

Illustrated notes

Levels and vault maps discovered:
D:1:      wheals_arrival_shading, layout_basic,
          shapermc_ecumenical_altar_starsandcircs
D:2:      layout_loops_corners, serial_shops, shop
D:3:      layout_loops_ring, ebering_ghost_sewer_d, kennysheep_flooded_box

Skill      XL: |  1  2  3 |
---------------+----------+-----
Unarmed Combat | 3 |  3.0
Fighting       | 4 |  4.2
Dodging        | |  2.4
Stealth        | |  1.5

Action                     || total
---------------------------++-------
  Melee: Unarmed           ||   108
         Punch             ||     2
   Stab: Sleeping          ||     2
  Dodge: Dodged            ||    61

Table legend: (Time is in decaauts)
 A = Elapsed time spent in this place.
 B = Non-inter-level travel time spent in this place.
 C = Inter-level travel time spent in this place.
 D = Time resting spent in this place.
 E = Time spent auto-exploring this place.
 F = Levels seen in this place.
 G = Mean time per level.
                   A        B        C        D        E       F      G
               +--------+--------+--------+--------+--------+-----+--------+
         Total |   2167 |   1950 |    217 |    160 |   1098 |   3 |  722.3 |
       Dungeon |   2167 |   1950 |    217 |    160 |   1098 |   3 |  722.3 |
               +--------+--------+--------+--------+--------+-----+--------+

Top non-repeatable levels by time:
     D:2: 1003 daAuts
     D:1: 749 daAuts
     D:3: 415 daAuts
